 Dungeon Crawl Stone Soup version 0.18-a0-1347-gb9e2fb4 (webtiles) character file.

45 Ratboiler the Magician (level 3, 0/20 HPs)
             Began as a Deep Elf Wanderer on Feb 17, 2016.
             Slain by a goblin (3 damage)
             ... led by Robin
             ... on level 1 of the Dungeon.
             The game lasted 00:05:28 (1960 turns).

Ratboiler the Magician (Deep Elf Wanderer)          Turns: 1960, Time: 00:05:29

Health: 0/20       AC:  5    Str:  9    XL:     3   Next: 42%
Magic:  3/10       EV:  9    Int: 17    God:
Gold:   164        SH:  0    Dex: 14    Spells: 4 memorised, 2 levels left

rFire  . . .     SeeInvis .     m - -2 dagger (curse)
rCold  . . .     Gourm    .     c - +0 ring mail
rNeg   . . .     Faith    .     (no shield)
rPois  .         Spirit   .     (no helmet)
rElec  .         Dismiss  .     (no cloak)
rCorr  .         Reflect  .     (no gloves)
SustAt .         Harm     .     (no boots)
MR     .....                    (no amulet)
Stlth  +.........               (no ring)
                                (no ring)

@: very slightly contaminated, not resistant to hostile enchantments, very
unstealthy
A: no striking features
a: no special abilities


You were on level 1 of the Dungeon.
You were not hungry.

You visited 1 branch of the dungeon, and saw 2 of its levels.

You collected 164 gold pieces.

Inventory:

Hand Weapons
 b - a +0 mace
 d - a +0 dagger
 m - a cursed -2 dagger (weapon)
Missiles
 h - 18 stones (quivered)
Armour
 c - a +0 ring mail (worn)
Scrolls
 e - 2 scrolls of identify {unknown}
 g - a scroll of amnesia {unknown}
 i - a scroll of fear {unknown}
 n - a scroll of magic mapping {unknown}
Potions
 j - 2 potions of lignification {unknown}
 k - a potion of curing {unknown}
 l - 3 potions of heal wounds
Books
 a - a book of Minor Magic

   Spells                             Type                      Level
   a - Magic Dart                     Conjuration                  1
   b - Blink                          Translocation                2
   c - Call Imp                       Summoning                    2
   d - Repel Missiles                 Charms/Air                   2
   e - Slow                           Hexes                        2
   f - Conjure Flame                  Conjuration/Fire             3
   g - Mephitic Cloud                 Conjuration/Poison/Air       3
Comestibles
 f - 2 bread rations
 o - 4 chunks of flesh


   Skills:
 - Level 1.0 Fighting
 - Level 1.0 Maces & Flails
 - Level 2.4 Armour
 - Level 2.4 Stealth
 - Level 4.4 Spellcasting
 + Level 3.4 Conjurations
 - Level 0.2 Summonings


You had 2 spell levels left.
You knew the following spells:

 Your Spells              Type           Power        Failure   Level  Hunger
a - Magic Dart            Conj           ###.         12%         1    None
b - Call Imp              Summ           #.......     67%         2    ##.....
c - Repel Missiles        Chrm/Air       #.....       67%         2    ##.....
d - Conjure Flame         Conj/Fire      #.......     71%         3    ###....


Dungeon Overview and Level Annotations

Branches:
Dungeon (2/15)

Altars:

Annotations:
D:2 Robin


Message History

The magic dart hits the hobgoblin.
You kill the hobgoblin!
The goblin barely misses you.
Casting: Magic Dart
Confirm with . or Enter, or press ? or * to list all spells.
Aiming: Magic Dart
Press: ? - help, Shift-Dir - straight line, f - goblin
Aim: a goblin (consumed by blood-lust)
You miscast Magic Dart.
Nothing appears to happen.
The goblin hits you.
* * * LOW HITPOINT WARNING * * *
The goblin hits you.
* * * LOW HITPOINT WARNING * * *
Casting: Magic Dart
Confirm with . or Enter, or press ? or * to list all spells.
Aiming: Magic Dart
Press: ? - help, Shift-Dir - straight line, f/p - goblin
Aim: a goblin (consumed by blood-lust)
You miscast Magic Dart.
Nothing appears to happen.
The goblin barely misses you. The goblin hits you.
You die...

.# #)# #..... .# #.# #.###.
)# #.# #.# #. .## #.# #.#
#. #.#### #.####### #.# #.
##...# #.......# #.# #.
#.##.# #######.# #.# #.
.###†### #g# #.###.
##PP.PP## #@# #.....
##P...P.# #g# #####.
##P...P.########g# #.
#.P...P........#.# #.
#.PPPPP#######.#.# #.
........######.#.#
########.
#######..........#
#........ #
########.##########.#######
# #.............[.#.#######


You could see 3 goblins.

Vanquished Creatures
  An adder (D:2)
  A giant gecko (D:1)
  4 giant cockroaches (D:1)
  4 hobgoblins
  2 jackals (D:1)
  2 kobolds
  5 bats (D:1)
  2 giant newts (D:1)
  5 goblins (D:1)
  10 rats
  A fungus (D:1)
37 creatures vanquished.

Notes
Turn   | Place    | Note
--------------------------------------------------------------
     0 | D:1      | Ratboiler the Deep Elf Wanderer began the quest for the Orb.
     0 | D:1      | Ratboiler set off with: a book of Minor Magic, a +0 mace, a +0 ring mail, a +0 dagger, a bread ration
     0 | D:1      | Reached XP level 1. HP: 12/12 MP: 7/7
     2 | D:1      | Learned a level 1 spell: Magic Dart
   275 | D:1      | Reached skill level 1 in Conjurations
   454 | D:1      | Reached XP level 2. HP: 16/16 MP: 1/9
   458 | D:1      | Learned a level 2 spell: Call Imp
   461 | D:1      | Learned a level 2 spell: Repel Missiles
  1312 | D:1      | Reached XP level 3. HP: 16/20 MP: 1/10
  1389 | D:1      | Learned a level 3 spell: Conjure Flame
  1848 | D:2      | Noticed Robin
  1960 | D:1      | Slain by a goblin

Vault maps used:
D:1:      minmay_arrival_four_houses, minmay_gold_behind_fungi
D:2:      yredelemnul_altar_generic, uniq_robin

Action                   || total
-------------------------++-------
Melee: Mace              ||    17
       Dagger            ||     4
Throw: Stone             ||     1
 Cast: Magic Dart        ||   100
       Call Imp          ||     1
  Eat: Chunk             ||     1
       Bread ration      ||     1
